| TOP OF THE 1ST |
|
Texas Rangers batting - Pitching for San Diego Padres : RHP Isaac Spikes
|
|
Pitching: RHP Isaac Spikes
|
|
|
Batting: LHB Sean Geisler
|
0-0: Ball 1-0: Called Strike 1-1: Ball 2-1: Ball 3-1: Ground out 4-3 (Groundball, 4, EV 86.2 MPH)
|
|
Batting: RHB Marc Peckermark
|
0-0: Fly out, F7 (Flyball, 7D, EV 104.4 MPH)
|
|
Batting: RHB Zhao-ji Chi
|
0-0: Called Strike 0-1: Ball 1-1: Fly out, F8 (Flyball, 78M, EV 91.2 MPH)
|
| Top of the 1st over - 0 runs, 0 hits, 0 errors, 0 left on base; Texas 0 - San Diego 0 |
| BOTTOM OF THE 1ST |
|
San Diego Padres batting - Pitching for Texas Rangers : RHP Bas Kooy
|
|
Pitching: RHP Bas Kooy
|
|
|
Batting: SHB Phil Zacharia
|
0-0: Swinging Strike 0-1: Called Strike 0-2: Ball 1-2: Ball 2-2: Ball 3-2: Base on Balls
|
|
Batting: RHB Hugo Bautista
|
0-0: Ball 1-0: Ball 2-0: Called Strike 2-1: 2-RUN HOME RUN (Flyball, 89XD, EV 106.2 MPH), Distance : 417 ft
|
|
Batting: RHB C.J. Beavers
|
0-0: Swinging Strike 0-1: Fly out, F8 (Flyball, 8LM, EV 87.5 MPH)
|
|
Batting: SHB Terry Tuckfard
|
0-0: Called Strike 0-1: Ball 1-1: Ball 2-1: Ball 3-1: Swinging Strike 3-2: DOUBLE (Flyball, 78XD, EV 108.1 MPH)
|
|
Batting: LHB James McCauley
|
0-0: Ball 1-0: Called Strike 1-1: Called Strike 1-2: Fly out, F9 (Flyball, 9, EV 92.5 MPH) Runner from 2nd tags up, SAFE at 3rd with throw by RF
|
|
Batting: RHB Kaeo Zirpoli
|
0-0: Called Strike 0-1: Foul Ball, location: 2F 0-2: Ball 1-2: DOUBLE (Line Drive, 9LS, EV 95.0 MPH) Terry Tuckfard scores
|
|
Batting: RHB Luis Torres
|
0-0: Called Strike 0-1: Foul Ball, location: 2F 0-2: Ground out 4-3 (Groundball, 34, EV 93.8 MPH)
|
| Bottom of the 1st over - 3 runs, 3 hits, 0 errors, 1 left on base; Texas 0 - San Diego 3 |
| TOP OF THE 2ND |
|
Texas Rangers batting - Pitching for San Diego Padres : RHP Isaac Spikes
|
|
Batting: SHB John Giesbrecht
|
0-0: Called Strike 0-1: Ball 1-1: Swinging Strike 1-2: Ground out 3-1 (Groundball, 34, EV 84.4 MPH)
|
|
Batting: SHB Rich Chavez
|
0-0: Ball 1-0: Called Strike 1-1: Swinging Strike 1-2: Strikes out looking
|
|
Batting: SHB Hans Mikkelsen
|
0-0: Called Strike 0-1: Foul Ball, location: 2F 0-2: Ball 1-2: Strikes out swinging
|
| Top of the 2nd over - 0 runs, 0 hits, 0 errors, 0 left on base; Texas 0 - San Diego 3 |
| BOTTOM OF THE 2ND |
|
San Diego Padres batting - Pitching for Texas Rangers : RHP Bas Kooy
|
|
Batting: LHB Mike Holt
|
0-0: Ball 1-0: Called Strike 1-1: Called Strike 1-2: Fly out, F7 (Flyball, 7S, EV 85.6 MPH)
|
|
Batting: LHB Kyle Beaulieu
|
0-0: Fly out, F8 (Flyball, 78M, EV 85.0 MPH)
|
|
Batting: SHB Phil Zacharia
|
0-0: Called Strike 0-1: Foul Ball, location: 2F 0-2: Foul Ball, location: 2F 0-2: Ball 1-2: Strikes out swinging, 2-3 out at first.
|
| Bottom of the 2nd over - 0 runs, 0 hits, 0 errors, 0 left on base; Texas 0 - San Diego 3 |
| TOP OF THE 3RD |
|
Texas Rangers batting - Pitching for San Diego Padres : RHP Isaac Spikes
|
|
Batting: SHB Tony Prado
|
0-0: Ball 1-0: Swinging Strike 1-1: Called Strike 1-2: Foul Ball, location: 2F 1-2: Ball 2-2: Ground out 6-3 (Groundball, 4MS, EV 70.0 MPH)
|
|
Batting: RHB Josh Ferguson
|
0-0: Fly out, F9 (Flyball, 89S, EV 84.4 MPH)
|
|
Batting: SHB Vince Ealy
|
0-0: Called Strike 0-1: Foul Ball, location: 2F 0-2: Strikes out swinging
|
| Top of the 3rd over - 0 runs, 0 hits, 0 errors, 0 left on base; Texas 0 - San Diego 3 |
| BOTTOM OF THE 3RD |
|
San Diego Padres batting - Pitching for Texas Rangers : RHP Bas Kooy
|
|
Batting: RHB Hugo Bautista
|
0-0: Ball 1-0: Foul Ball, location: 2F 1-1: Ball 2-1: Called Strike 2-2: Foul Ball, location: 2F 2-2: Strikes out swinging
|
|
Batting: RHB C.J. Beavers
|
0-0: Ground out 4-3 (Groundball, 34, EV 83.8 MPH)
|
|
Batting: SHB Terry Tuckfard
|
0-0: Called Strike 0-1: Called Strike 0-2: Ball 1-2: Ground out 4-3 (Groundball, 4, EV 81.2 MPH)
|
| Bottom of the 3rd over - 0 runs, 0 hits, 0 errors, 0 left on base; Texas 0 - San Diego 3 |
| TOP OF THE 4TH |
|
Texas Rangers batting - Pitching for San Diego Padres : RHP Isaac Spikes
|
|
Batting: LHB Sean Geisler
|
0-0: Swinging Strike 0-1: Called Strike 0-2: Ground out 4-3 (Groundball, 4D, EV 96.2 MPH)
|
|
Batting: RHB Marc Peckermark
|
0-0: Called Strike 0-1: Ball 1-1: SINGLE (Line Drive, 34D, EV 105.6 MPH)
|
|
Batting: RHB Zhao-ji Chi
|
0-0: Ball 1-0: Grounds into double play, 6-4-3 (Groundball, 6, EV 106.9 MPH)
|
| Top of the 4th over - 0 runs, 1 hit, 0 errors, 0 left on base; Texas 0 - San Diego 3 |
| BOTTOM OF THE 4TH |
|
San Diego Padres batting - Pitching for Texas Rangers : RHP Bas Kooy
|
|
Batting: LHB James McCauley
|
0-0: Ball 1-0: SOLO HOME RUN (Flyball, 89XD, EV 116.9 MPH), Distance : 467 ft
|
|
Batting: RHB Kaeo Zirpoli
|
0-0: Ball 1-0: Ball 2-0: Called Strike 2-1: Foul Ball, location: 2F 2-2: Ball 3-2: Foul Ball, location: 2F 3-2: Foul Ball, location: 2F 3-2: Ground out 5-3 (Groundball, 5S, EV 83.1 MPH)
|
|
Batting: RHB Luis Torres
|
0-0: Ball 1-0: Called Strike 1-1: Ground out 1-6-3 (Groundball, 15S, EV 100.6 MPH)
|
|
Batting: LHB Mike Holt
|
0-0: Called Strike 0-1: Ball 1-1: Foul Ball, location: 2F 1-2: Ground out 6-3 (Groundball, 6M, EV 80.6 MPH)
|
| Bottom of the 4th over - 1 run, 1 hit, 0 errors, 0 left on base; Texas 0 - San Diego 4 |
| TOP OF THE 5TH |
|
Texas Rangers batting - Pitching for San Diego Padres : RHP Isaac Spikes
|
|
Batting: SHB John Giesbrecht
|
0-0: Foul Ball, location: 2F 0-1: Ball 1-1: Ground out U3 (Groundball, 3, EV 103.8 MPH)
|
|
Batting: SHB Rich Chavez
|
0-0: Ball 1-0: SINGLE (Line Drive, 78S, EV 104.4 MPH)
|
|
Batting: SHB Hans Mikkelsen
|
0-0: Ball 1-0: Ball 2-0: Ball 3-0: Base on Balls Rich Chavez to second
|
|
Batting: SHB Tony Prado
|
0-0: Called Strike 0-1: Ball 1-1: Foul Ball, location: 2F 1-2: Foul Ball, location: 2F 1-2: Ball 2-2: Foul Ball, location: 2F 2-2: Ball 3-2: Grounds into double play, 4-6-3 (Groundball, 34, EV 103.8 MPH)
|
| Top of the 5th over - 0 runs, 1 hit, 0 errors, 1 left on base; Texas 0 - San Diego 4 |
| BOTTOM OF THE 5TH |
|
San Diego Padres batting - Pitching for Texas Rangers : RHP Bas Kooy
|
|
Batting: LHB Kyle Beaulieu
|
0-0: Called Strike 0-1: Ball 1-1: Called Strike 1-2: Ball 2-2: Fly out, F6 (Popup, 6, EV 68.8 MPH)
|
|
Batting: SHB Phil Zacharia
|
0-0: Called Strike 0-1: Ball 1-1: Ball 2-1: Foul Ball, location: 2F 2-2: Ball 3-2: Foul Ball, location: 2F 3-2: Base on Balls
|
|
Batting: RHB Hugo Bautista
|
0-0: Ball 1-0: Called Strike 1-1: Ball 2-1: Swinging Strike 2-2: Foul Ball, location: 2F 2-2: Ball 3-2: SINGLE (Groundball, 4MS, EV 68.8 MPH) (infield hit) Phil Zacharia to second
|
|
Batting: RHB C.J. Beavers
|
0-0: Ball 1-0: Foul Ball, location: 2F 1-1: Fly out, F8 (Flyball, 8LXD, EV 99.4 MPH) Runner from 2nd tags up, SAFE at 3rd, no throw by CF
|
|
Batting: SHB Terry Tuckfard
|
0-0: Fly out, F8 (Flyball, 8LD, EV 87.5 MPH)
|
| Bottom of the 5th over - 0 runs, 1 hit, 0 errors, 2 left on base; Texas 0 - San Diego 4 |
| TOP OF THE 6TH |
|
Texas Rangers batting - Pitching for San Diego Padres : RHP Isaac Spikes
|
|
Batting: RHB Josh Ferguson
|
0-0: Ball 1-0: Foul Ball, location: 2F 1-1: Foul Ball, location: 2F 1-2: Fly out, F2 (Popup, 3SF, EV 80.6 MPH)
|
|
Batting: SHB Vince Ealy
|
0-0: Ball 1-0: Fly out, F3 (Popup, 23F, EV 79.4 MPH)
|
|
Batting: LHB Sean Geisler
|
0-0: Ball 1-0: Ground out 6-3 (Groundball, 4M, EV 83.8 MPH)
|
| Top of the 6th over - 0 runs, 0 hits, 0 errors, 0 left on base; Texas 0 - San Diego 4 |
| BOTTOM OF THE 6TH |
|
San Diego Padres batting - Pitching for Texas Rangers : RHP Bas Kooy
|
|
Batting: LHB James McCauley
|
0-0: Ball 1-0: Called Strike 1-1: Ball 2-1: Called Strike 2-2: Hit by Pitch
|
|
Batting: RHB Kaeo Zirpoli
|
0-0: Foul Ball, location: 2F 0-1: Ball 1-1: Foul Ball, location: 2F 1-2: Foul Ball, location: 2F 1-2: Fly out, F9 (Flyball, 9LSF, EV 85.0 MPH)
|
|
Batting: RHB Luis Torres
|
0-0: Called Strike 0-1: Ball 1-1: Foul Ball, location: 2F 1-2: Ball 2-2: Foul Ball, location: 2F 2-2: 2-RUN HOME RUN (Flyball, 78XD, EV 111.9 MPH), Distance : 426 ft
|
|
Pitching: RHP Gavin Nelson
|
|
|
Batting: LHB Mike Holt
|
0-0: SINGLE (Flyball, 78S, EV 88.8 MPH)
|
|
Batting: LHB Kyle Beaulieu
|
0-0: Fielders Choice at 2nd, 6-4 (Groundball, 6, EV 85.6 MPH)
|
|
Batting: SHB Phil Zacharia
|
0-0: Foul Ball, location: 2F 0-1: Ground out 4-3 (Groundball, 34S, EV 80.0 MPH)
|
| Bottom of the 6th over - 2 runs, 2 hits, 0 errors, 1 left on base; Texas 0 - San Diego 6 |
| TOP OF THE 7TH |
|
Texas Rangers batting - Pitching for San Diego Padres : RHP Isaac Spikes
|
|
Batting: RHB Marc Peckermark
|
0-0: Foul Ball, location: 2F 0-1: Swinging Strike 0-2: Strikes out looking
|
|
Batting: RHB Zhao-ji Chi
|
0-0: Foul Ball, location: 2F 0-1: Swinging Strike 0-2: Strikes out swinging
|
|
Batting: SHB John Giesbrecht
|
0-0: Called Strike 0-1: Ball 1-1: Called Strike 1-2: Ball 2-2: Ball 3-2: Foul Ball, location: 2F 3-2: Fly out, F7 (Flyball, 7D, EV 95.0 MPH)
|
| Top of the 7th over - 0 runs, 0 hits, 0 errors, 0 left on base; Texas 0 - San Diego 6 |
| BOTTOM OF THE 7TH |
|
San Diego Padres batting - Pitching for Texas Rangers : RHP Gavin Nelson
|
|
Batting: RHB Hugo Bautista
|
0-0: Ball 1-0: Called Strike 1-1: SINGLE (Line Drive, 78S, EV 98.1 MPH)
|
|
Batting: RHB C.J. Beavers
|
0-0: Ball 1-0: Called Strike 1-1: Called Strike 1-2: Ball 2-2: Ball 3-2: Base on Balls Hugo Bautista to second
|
|
Batting: SHB Terry Tuckfard
|
0-0: Foul Ball, location: 2F 0-1: Grounds into double play, 4-6-3 (Groundball, 34, EV 80.6 MPH) Hugo Bautista to third
|
|
Batting: LHB James McCauley
|
0-0: Foul Ball, location: 2F 0-1: Foul Ball, location: 2F 0-2: Foul Ball, location: 2F 0-2: Hit by Pitch
|
|
Batting: RHB Kaeo Zirpoli
|
0-0: Foul Ball, location: 2F 0-1: Ball 1-1: Ground out 4-3 (Groundball, 34, EV 85.0 MPH)
|
| Bottom of the 7th over - 0 runs, 1 hit, 0 errors, 2 left on base; Texas 0 - San Diego 6 |
| TOP OF THE 8TH |
|
Texas Rangers batting - Pitching for San Diego Padres : RHP Isaac Spikes
|
|
Batting: SHB Rich Chavez
|
0-0: Ball 1-0: Reached on error, E6 (Groundball, 6MD, EV 87.5 MPH)
|
|
Batting: SHB Hans Mikkelsen
|
0-0: Called Strike 0-1: Called Strike 0-2: Strikes out looking
|
|
Batting: SHB Tony Prado
|
0-0: Foul Ball, location: 2F 0-1: Ball 1-1: Ball 2-1: Ball 3-1: SINGLE (Groundball, 4MD, EV 101.9 MPH) Rich Chavez to second
|
|
Batting: RHB Josh Ferguson
|
0-0: Called Strike 0-1: Ball 1-1: Foul Ball, location: 2F 1-2: Foul Ball, location: 2F 1-2: Strikes out swinging
|
|
Pitching: LHP Dae-Jung Cho
|
|
|
Batting: SHB Vince Ealy
|
0-0: Called Strike 0-1: Fly out, F8 (Flyball, 89XD, EV 91.2 MPH)
|
| Top of the 8th over - 0 runs, 1 hit, 1 error, 2 left on base; Texas 0 - San Diego 6 |
| BOTTOM OF THE 8TH |
|
San Diego Padres batting - Pitching for Texas Rangers : RHP Gavin Nelson
|
|
Batting: RHB Luis Torres
|
0-0: Called Strike 0-1: Foul Ball, location: 2F 0-2: Ball 1-2: Hit by Pitch
|
|
Batting: LHB Mike Holt
|
0-0: Ball Pickoff Throw by Catcher to First - Error! E2 Luis Torres to second 1-0: Ball 2-0: Ball 3-0: Base on Balls
|
|
Batting: LHB Kyle Beaulieu
|
0-0: Fly out, F8 (Flyball, 8LM, EV 85.0 MPH)
|
|
Batting: SHB Phil Zacharia
|
0-0: Foul Ball, location: 2F 0-1: Ball 1-1: Called Strike 1-2: Fly out, F5 (Popup, 5S, EV 78.8 MPH)
|
|
Batting: RHB Hugo Bautista
|
0-0: Ball 1-0: Ball 2-0: SINGLE (Line Drive, 4MD, EV 96.2 MPH) Luis Torres to third Mike Holt to second Runner from 3rd tries for Home, throw by CF and OUT! 8-2
|
| Bottom of the 8th over - 0 runs, 1 hit, 1 error, 2 left on base; Texas 0 - San Diego 6 |
| TOP OF THE 9TH |
|
Texas Rangers batting - Pitching for San Diego Padres : LHP Dae-Jung Cho
|
|
Batting: LHB Sean Geisler
|
0-0: Swinging Strike 0-1: Ball 1-1: Foul Ball, location: 2F 1-2: Foul Ball, location: 2F 1-2: Ball 2-2: Ball 3-2: Foul Ball, location: 2F 3-2: Strikes out swinging
|
|
Batting: RHB Marc Peckermark
|
0-0: Called Strike 0-1: Foul Ball, location: 2F 0-2: Ball 1-2: SOLO HOME RUN (Line Drive, 7D, EV 105.6 MPH), Distance : 384 ft
|
|
Batting: RHB Zhao-ji Chi
|
0-0: Fly out, F8 (Flyball, 8LS, EV 90.0 MPH)
|
|
Batting: SHB John Giesbrecht
|
0-0: Ball 1-0: Called Strike 1-1: Ball 2-1: Foul Ball, location: 2F 2-2: Strikes out swinging
|
| Top of the 9th over - 1 run, 1 hit, 0 errors, 0 left on base; Texas 1 - San Diego 6 |
|